Unix NetHack Version 3.7.0-97 Work-in-progress - last build Feb 8 2024 15:05:57 (6d6cdf8371b60126770a3d7b88910941cb14a054,branch:master). Game began 2024-02-22 14:30:23, ended 2024-02-26 09:17:57. sopa, chaotic female elven Wizard ----------- ------------- |.........| |.....(.....| |.........| |.........).| |.........| |.........[.| |........(- ----------[-- |.........| # |........<. ) --------.-- # # # ### # ###@############# # -|----|------- |............| |............| 1 |............| -------------- Sopa the Thaumaturge St:7 Dx:11 Co:16 In:20 Wi:14 Ch:9 Chaotic S:2337 Dlvl:6 $:255 HP:0(54) Pw:20(65) AC:7 Xp:6/453 T:1996 Latest messages: #n: unknown extended command. # You sit on the opulent throne. You feel somehow out of place... The throne vanishes in a puff of logic. # You see here a chest. Hmmm, the chest turns out to be locked. Unlock it with your lock pick? [ynq] (q) You succeed in picking the lock. $ - 49 gold pieces (255 in total). H - a scroll labeled DUAM XNAHT. I - a scroll labeled LOREM IPSUM. J - a scroll of create monster. E - a potion of healing (4 in total). K - a wire ring. You see here an unlocked chest containing 1 item. You see here an iron skull cap. There is a doorway here. There are several objects here. The hobgoblin zaps himself with a wand of teleportation! The hobgoblin vanishes! You miss the giant beetle. You miss the giant beetle. The giant beetle bites! You hit the giant beetle. You hit the giant beetle. The giant beetle bites! You hit the giant beetle! The giant beetle bites! You miss the giant beetle. You hit the giant beetle. You hit the giant beetle. You miss the giant beetle. The giant beetle bites! You hit the giant beetle! You miss the giant beetle. In what direction? The spell misses the giant beetle. In what direction? The spell misses the giant beetle. In what direction? The spell hits the giant beetle! You kill the giant beetle! You see here a giant beetle corpse. There is a giant beetle corpse here; eat it? [ynq] (n) Ecch - that must have been poisonous! You die... Do you want your possessions identified? [ynq] (y) Do you want to see your attributes? [ynq] (y) Inventory: Coins $ - 255 gold pieces Weapons a - a blessed +1 quarterstaff (weapon in hands) Armor b - an uncursed +2 cloak of magic resistance (being worn) Comestibles G - an uncursed eucalyptus leaf i - an uncursed partly eaten food ration p - 2 uncursed food rations B - 2 uncursed fortune cookies o - 2 uncursed lembas wafers z - an uncursed tin of spinach Scrolls q - an uncursed scroll of confuse monster J - a cursed scroll of create monster x - an uncursed scroll of earth H - an uncursed scroll of identify j - an uncursed scroll of light t - an uncursed scroll of scare monster I - an uncursed scroll of taming Spellbooks k - a blessed spellbook of force bolt l - an uncursed spellbook of healing Potions C - a blessed potion of fruit juice h - an uncursed potion of fruit juice E - 4 uncursed potions of healing r - a blessed potion of oil g - an uncursed potion of paralysis v - a blessed potion of restore ability Rings e - an uncursed ring of fire resistance (on right hand) A - an uncursed ring of free action K - an uncursed +2 ring of increase damage d - an uncursed ring of warning (on left hand) Wands w - a wand of digging (0:8) c - a wand of slow monster (0:8) Tools y - an empty uncursed bag of holding n - an uncursed leather drum D - a can of grease (0:25) s - an uncursed lock pick m - a magic marker (0:19) u - a cursed magic marker (0:51) Sopa the Wizard's attributes: Background: You were a Thaumaturge, a level 6 female elven Wizard. You were chaotic, on a mission for Anhur who was opposed by Ptah (lawful) and Thoth (neutral). You were right-handed. You were in the Dungeons of Doom, on level 6. You entered the dungeon 1996 turns ago. There was a full moon in effect when your adventure ended. You had 453 experience points, 187 more were needed to attain level 7. Your score was 2337 before end-of-game adjustments. Basics: You had 0 out of 54 hit points. You had 20 out of 65 energy points (spell power). Your armor class was 7. Your wallet contained 255 zorkmids. Autopickup was on for '$"?!/=' plus thrown, with exceptions. Final Characteristics: Your strength was 7 (peak:11, limit:18). Your dexterity was 11 (limit:18). Your constitution was 16 (limit:16). Your intelligence was 20 (limit:20). Your wisdom was 14 (limit:20). Your charisma was 9 (limit:18). Final Status: You weren't hungry. You were unencumbered. You were wielding a quarterstaff. You had basic skill with quarterstaff. Final Attributes: You were devoutly aligned. You were magic-protected. You were fire resistant. Your items were protected from fire. You were sleep resistant. You were warned. You had infravision. You were warded. You were lucky. You are dead. Miscellaneous: You never encountered a bones level. Total elapsed playing time was 33 minutes and 4 seconds. Major events: Turn 1: sopa the chaotic female elven Wizard entered the dungeon 950: attained the rank of Conjurer (level 3) 1611: attained the rank of Thaumaturge (level 6) 1996: killed by a poisonous corpse Vanquished creatures: a small mimic a giant beetle a gnome ruler 2 human zombies 7 bugbears 3 gnome leaders 2 kobold leaders a kobold shaman a giant bat 2 dwarf zombies an iguana a gas spore 6 hobgoblins 2 giant rats 2 cave spiders 2 gnomes a gnome zombie 3 jackals a kobold 5 goblins a lichen 4 kobold zombies 6 newts 56 creatures vanquished. No species were genocided or became extinct. Voluntary challenges: You read items or engraved 4 times. You never engraved Elbereth. You never genocided any monsters. You never polymorphed an object. You never changed form. You used no wishes. Achievements: You attained the rank of Conjurer. You entered a shop. You attained the rank of Thaumaturge. The Dungeons of Doom: levels 1 to 6 Level 1: Level 2: Level 3: Level 4: A fountain. Level 5: A grave. Level 6: "vault" <- You were here. Final resting place for you, killed by a poisonous corpse. Game over: ---------- / \ / REST \ / IN \ / PEACE \ / \ | sopa | | 255 Au | | killed by a | | poisonous corpse | | | | | | 2024 | *| * * * | * _________)/\\_//(\/(/\)/\//\/|_)_______ Goodbye sopa the Wizard... You died in The Dungeons of Doom on dungeon level 6 with 2312 points, and 255 pieces of gold, after 1996 moves. You were level 6 with a maximum of 54 hit points when you died.